 Dungeon Crawl Stone Soup version 0.32-a0-519-g08f29ac1c3 (webtiles) character file.

Game seed: 15378258116372199214

1906 TheScarabGod the Carver (level 9, 0/68 HPs)
             Began as a Coglin Warper on Feb 28, 2024.
             Was a Follower of Okawaru.
             Slain by an orc warrior
             ... wielding a +0 battleaxe
              (19 damage)
             ... on level 7 of the Dungeon.
             The game lasted 00:06:41 (4997 turns).

TheScarabGod the Carver (Coglin Warper)             Turns: 4997, Time: 00:06:42

Health: 0/68       AC:  8    Str:  9    XL:     9   Next: 16%
Magic:  13/13      EV: 11    Int: 14    God:    Okawaru [*.....]
Gold:   149        SH:  0    Dex: 23    Spells: 12/12 levels left

rFire   . . .        u - +4 short sword of the Witching Bear {speed, rN+ Will+ Str-2 Dex+6}
rCold   . . .        i - +2 dagger (elec) {Nari}
rNeg    + . .        D - +0 acid dragon scales
rPois   .            (no helmet)
rElec   .            m - +0 cloak
rCorr   +            (no gloves)
SInv    .            g - +0 pair of boots
Will    +....        (no amulet)
Stlth   ++           (ring unavailable)
HPRegen 0.31/turn    (ring unavailable)
MPRegen 0.13/turn

%: no passive effects
@: revved
A: off-hand wielding, slow wielding, warmup strikes, no rings
a: Renounce Religion, Heroism


You were on level 7 of the Dungeon.
You worshipped Okawaru.
Okawaru was aware of your devotion.
You visited 2 branches of the dungeon, and saw 8 of its levels.

You collected 365 gold pieces.
You spent 216 gold pieces at shops.

Inventory:

Hand Weapons
 a - a +0 falchion {Nolwazi}
 e - a +3 long sword
 i - a +2 dagger of electrocution (offhand) {Nari}
 u - the +4 short sword of the Witching Bear (weapon) {speed, rN+ Will+ Str-2 Dex+6}
   (You bought it in a shop on level 5 of the Dungeon)

   Str-2:     It affects your strength (-2).
   Dex+6:     It affects your dexterity (+6).
   rN+:       It protects you from negative energy.
   Will+:     It increases your willpower.
 E - a +0 heavy long sword
Missiles
 d - 7 darts of dispersal
 h - 9 poisoned darts (quivered)
 q - 2 throwing nets
 z - a curare-tipped dart
Armour
 b - a +0 leather armour
 g - a +0 pair of boots (worn)
 m - a +0 cloak (worn)
 p - a +0 ring mail
 D - +0 acid dragon scales (worn)
Wands
 c - a wand of light (10)
 C - a wand of flame (19)
Scrolls
 f - 2 scrolls of enchant weapon
 o - a scroll of vulnerability {!r}
 r - a scroll of acquirement {unknown}
 s - 3 scrolls of enchant armour {unknown}
 v - a scroll of immolation
 w - a scroll of fear
 x - 2 scrolls of torment
 y - a scroll of teleportation {@r3}
 A - a scroll of fog {unknown}
 B - a scroll of blinking {@r4}
Potions
 j - a potion of resistance {unknown}
 k - 2 potions of attraction {unknown}
 l - 2 potions of haste {unknown}
 n - 3 potions of berserk rage {unknown}
 t - a potion of lignification {unknown}


   Skills:
 - Level 5.0 Fighting
 - Level 8.0 Long Blades
 - Level 0.8 Throwing
 - Level 0.8 Armour
 - Level 1.7 Dodging
 - Level 2.1 Spellcasting
 - Level 4.0 Translocations
 + Level 5.4 Invocations


You had 12 spell levels left.
You didn't know any spells.
Your spell library contained the following spells:

 Spells                   Type           Power      Damage    Failure   Level
 Blink                    Tloc           24%        N/A       12%         2
 Lesser Beckoning         Tloc           24%        N/A       12%         2
 Teleport Other           Tloc           12%        N/A       22%         3
 Necrotise                Necr           4%         1d4       36%         1
 Static Discharge         Conj/Air       2%         3-4/arc   52%         2
 Manifold Assault         Tloc           12%        N/A       58%         4
 Fugue of the Fallen      Necr           1%         N/A       75%         3
 Ozocubu's Armour         Ice            1%         N/A       75%         3
 Vampiric Draining        Necr           1%         2d6       75%         3
 Vhi's Electric Charge    Tloc/Air       14%        N/A       86%         4
 Airstrike                Air            0%         2d(1-17)  98%         4
 Curse of Agony           Necr           1%         N/A       100%        5
 Martyr's Knell           Necr/Summ      Unusable   N/A       N/A         4
 Summon Lightning Spire   Summ/Air       Unusable   N/A       N/A         4

Dungeon Overview and Level Annotations

Branches:
Dungeon (7/15)             Temple (1/1) D:6

Altars:
Ashenzari
Dithmenos
Elyvilon
Fedhas
Gozag
Kikubaaqudgha
Makhleb
Nemelex Xobeh
Okawaru
Qazlal
Ru
Sif Muna
Trog
Uskayaw
Vehumet
Wu Jian
Xom
Zin
The Shining One

Shops:
D:5 (


Innate Abilities, Weirdness & Mutations

You can wield a second weapon in your off-hand.
It takes a long time for you to wield or remove held weapons.
Your first few attacks do less damage.
Your grasper-arms cannot wear rings.


Message History

You barely miss the orc wizard with your +2 dagger of electrocution.
You hit the orc wizard with the +4 short sword of the Witching Bear.
The orc wizard hits you with a +0 dagger.
The orc hits you with a +3 whip of freezing.
The orc freezes you.
You hit the orc wizard with the +4 short sword of the Witching Bear.
The orc wizard is moderately wounded.
You closely miss the orc wizard with your +2 dagger of electrocution.
The orc warrior hits you with a +0 battleaxe!
You puncture the orc wizard with the +4 short sword of the Witching Bear!
The orc wizard is almost dead.
You hit the orc wizard with your +2 dagger of electrocution.
The orc barely misses you.
The orc wizard hits you but does no damage.
The orc warrior hits you but does no damage.
You hit the orc wizard but do no damage.
Lightning courses through the orc wizard!
You kill the orc wizard!
Okawaru accepts your kill.
The orc hits you with a +3 whip of freezing.
* * * LOW HITPOINT WARNING * * *
The orc freezes you.
* * * LOW HITPOINT WARNING * * *
You puncture the orc with the +4 short sword of the Witching Bear!
You kill the orc!
Okawaru accepts your kill. The orc warrior barely misses you.
You hit the orc warrior but do no damage.
The orc warrior is moderately wounded.
You barely miss the orc warrior with your +2 dagger of electrocution.
The orc warrior barely misses you.
You hit the orc warrior with the +4 short sword of the Witching Bear.
The orc warrior is moderately wounded.
You hit the orc warrior but do no damage.
Lightning courses through the orc warrior!
You hit the orc warrior with the +4 short sword of the Witching Bear.
The orc warrior is severely wounded.
You closely miss the orc warrior with your +2 dagger of electrocution.
The orc warrior hits you with a +0 battleaxe!!
You die...

#.#........
#...##..........##
###.##...........#
###..#.#.........#
#....#.#..........
#.#..#.#..........
#.#....#....)....#
#.#.......)......#
#.#......?@).....#
.....#.!....o......
......#............#
............>....?.#
..................##
.....<..#........##
...............#.#
......[......#..


You could see an orc warrior.

Vanquished Creatures
  Maggie (D:6)
  Eustachio (D:4)
  A black bear (D:6)
  An ogre (D:5)
  A centaur (D:5)
  A kobold brigand (D:6)
  A scorpion (D:5)
  5 wights (D:6)
  3 killer bees
  3 howler monkeys (D:7)
  2 bombardier beetles
  A jelly (D:6)
  2 orc priests
  3 hounds
  3 iguanas
  A sleepcap (D:3)
  2 orc wizards
  10 adders
  3 gnolls (D:3)
  2 ufetubi (D:6)
  4 dart slugs
  2 ribbon worms
  9 orcs
  3 endoplasms
  A giant cockroach (D:2)
  4 goblins
  4 hobgoblins
  13 kobolds
  5 quokkas
  7 ball pythons
  3 bats
  4 frilled lizards
  4 rats
110 creatures vanquished.

Notes
Turn   | Place    | Note
-------+----------+-------------------------------------------
     0 | D:1      | TheScarabGod the Coglin Warper began the quest for the Orb.
     0 | D:1      | Reached XP level 1. HP: 16/16 MP: 3/3
   125 | D:1      | Reached XP level 2. HP: 22/22 MP: 4/4
   629 | D:1      | Found a faded altar of an unknown god.
   988 | D:2      | Reached skill level 3 in Long Blades
   988 | D:2      | Reached XP level 3. HP: 25/28 MP: 5/5
  1298 | D:2      | Reached XP level 4. HP: 34/34 MP: 6/6
  1782 | D:3      | Reached skill level 4 in Long Blades
  1836 | D:3      | Reached XP level 5. HP: 39/41 MP: 7/7
  1860 | D:3      | Found a sparkling altar of Nemelex Xobeh.
  1881 | D:3      | Found a glowing silver altar of Zin.
  2064 | D:3      | Found a blossoming altar of Fedhas.
  2065 | D:3      | Found a broken altar of Ashenzari.
  2068 | D:3      | Found a stormy altar of Qazlal.
  2629 | D:4      | Reached skill level 5 in Long Blades
  2629 | D:4      | Reached XP level 6. HP: 48/48 MP: 8/8
  2726 | D:4      | Noticed Eustachio
  2740 | D:4      | Killed Eustachio
  2741 | D:4      | Reached skill level 6 in Long Blades
  2741 | D:4      | Reached XP level 7. HP: 33/55 MP: 9/9
  2845 | D:4      | You fall into a shaft and drop 2 floors!
  2864 | D:5      | Entered Level 5 of the Dungeon
  3239 | D:5      | Found Kyskyluk's Antique Weapon Shoppe.
  3243 | D:5      | Bought an ichor-stained short sword for 216 gold pieces
  3243 | D:5      | Identified the +4 short sword of the Witching Bear {speed,
                  | rN+ Will+ Str-2 Dex+6} (You bought it in a shop on level 5
                  | of the Dungeon)
  3405 | D:5      | Reached skill level 5 in Fighting
  3410 | D:5      | Reached skill level 7 in Long Blades
  3920 | D:6      | Reached XP level 8. HP: 29/62 MP: 10/10
  4069 | D:6      | Noticed Maggie
  4126 | D:6      | Found a staircase to the Ecumenical Temple.
  4149 | D:6      | Reached skill level 8 in Long Blades
  4172 | Temple   | Entered the Ecumenical Temple
  4209 | Temple   | Became a worshipper of Warmaster Okawaru
  4273 | D:6      | Reached skill level 1 in Invocations
  4652 | D:6      | Killed Maggie
  4652 | D:6      | Reached * piety under Okawaru
  4844 | D:6      | Reached XP level 9. HP: 65/68 MP: 12/12
  4885 | D:7      | Reached skill level 5 in Invocations
  4997 | D:7      | Slain by an orc warrior

Illustrated notes

Levels and vault maps discovered:
D:1:      dpeg_arrival_rhombus, layout_basic,
          shapermc_ecumenical_altar_flowoftime, minmay_tromino_v4_c
D:2:      layout_basic
D:3:      layout_loops_corners, mainiacjoe_overflow_six_doors_small,
          mainiacjoe_overflow_paths, grunt_temple_overflow_open
D:4:      layout_loops_ring, minmay_misc_feat_iff, uniq_eustachio
D:5:      layout_rooms, serial_shops, nicolae_shop_hallway_stairs,
          kennysheep_decorative_pillar
D:6:      layout_cave_pools, minmay_temple_entry_statues, uniq_maggie
D:7:      layout_rooms
Temple:   nicolae_temple_bog_church

Skill      XL: |  1  2  3  4  5  6  7  8  9 |
---------------+----------------------------+-----
Long Blades    | 3 4 5 6 7 8 |  8.0
Fighting       | 3 4 5 |  5.0
Spellcasting   | 2 |  2.1
Invocations    | 4 5 |  5.4
Translocations | 4 |  4.0
Throwing       | |  0.8
Armour         | |  0.8
Dodging        | |  1.7

Action                     |  1- 3 |  4- 6 |  7- 9 || total
---------------------------+-------+-------+-------++-------
  Melee: Falchion          |    51 |       |       ||    51
         Mace              |    21 |       |       ||    21
         Dagger            |    72 |   184 |   157 ||   413
         Short sword       |       |       |   117 ||   117
  Throw: Dart              |       |       |     8 ||     8
  Evoke: Wand              |       |       |     1 ||     1
    Use: Scroll            |       |       |     6 ||     6
   Stab: Sleeping          |     1 |     2 |       ||     3
         Invisible         |       |       |     3 ||     3
 Armour: Leather armour    |    37 |    18 |       ||    55
         Ring mail         |       |    40 |    80 ||   120
         Acid dragon scale |       |       |    33 ||    33
  Dodge: Dodged            |    33 |    36 |    79 ||   148
         Repelled          |     1 |       |     1 ||     2

Table legend: (Time is in decaauts)
 A = Elapsed time spent in this place.
 B = Non-inter-level travel time spent in this place.
 C = Inter-level travel time spent in this place.
 D = Time resting spent in this place.
 E = Time spent auto-exploring this place.
 F = Levels seen in this place.
 G = Mean time per level.
                   A        B        C        D        E       F      G
               +--------+--------+--------+--------+--------+-----+--------+
         Total |   4950 |   4656 |    294 |    219 |   3672 |   8 |  618.8 |
       Dungeon |   4905 |   4623 |    282 |    219 |   3642 |   7 |  700.7 |
        Temple |     44 |     32 |     12 |      0 |     30 |   1 |   44.0 |
               +--------+--------+--------+--------+--------+-----+--------+

Top non-repeatable levels by time:
     D:1: 989 daAuts
     D:6: 945 daAuts
     D:3: 881 daAuts
     D:4: 721 daAuts
     D:5: 653 daAuts
     D:2: 604 daAuts
     D:7: 109 daAuts
  Temple: 44 daAuts
